 Dungeon Sprint DCSS version bcrawl-1.20.1-3-gdcb1fc31ed (webtiles) character file.

Game seed: 7142495432978255742

4036 Freyura the Brawler (level 10, -7/114 HPs)
             Began as a Troll Fighter on Jan 29, 2020.
             Was a High Priest of Jiyva.
             Mangled by an eight-headed hydra (11 damage)
             ... in the Dungeon (Sprint IX: "|||||||||||||||||||||||||||||").
             The game lasted 00:07:35 (874 turns).

Freyura the Brawler (Troll Fighter)                  Turns: 874, Time: 00:07:36

Health: -7/114     AC: 11    Str: 26    XL:     10   Next: 4%
Magic:  10/11      EV:  8    Int:  5    God:    Jiyva [*****.]
Gold:   12         SH:  9    Dex: 15    Spells: 9/9 levels left

rFire    . . .     SeeInvis .     - Unarmed
rCold    . . .     Gourm    +   a - +0 shield
rNeg     . . .     Faith    .   (armour unavailable)
rPois    .         Spirit   .   (helmet restricted)
rElec    .         Reflect  .   (no cloak)
rCorr    +         Harm     .   (gloves unavailable)
MR       .....     NoTele   +   (boots unavailable)
Stlth    ++........             (no amulet)
HPRegen  0.69/turn              m - +2 ring of protection
MPRegen  0.12/turn              n - +3 ring of dexterity

@: berserk cooldown, slowed, very slow
A: large, almost no armour, unfitting armour, claws 3, fast metabolism 3,
gourmand, regeneration 1, pseudopods 1, translucent skin 1, AC +8
a: Request Jelly, Evolve, Slimify, Cure Bad Mutation, Renounce Religion


You were in the Dungeon.
You worshipped Jiyva.
Jiyva was extremely pleased with you.
You were full.

You visited 1 branch You collected 12 gold pieces.

Inventory:

Armour
 a - a +0 shield (worn)
Jewellery
 m - a +2 ring of protection (left claw)
 n - a +3 ring of dexterity (right claw)
Wands
 l - a wand of iceblast (10)
Scrolls
 i - 2 scrolls of blinking
 j - 3 scrolls of remove curse
 k - 2 scrolls of amnesia
 p - 2 scrolls of identify
 r - 2 scrolls of enchant armour
Potions
 b - a potion of berserk rage
 c - a potion of invisibility
 d - 5 potions of curing
 f - 2 potions of haste
 g - 4 potions of magic
 h - 2 potions of heal wounds
 o - a potion of mutation
Comestibles
 e - 2 rations {!d}


   Skills:
 + Level 11.5 Fighting
 - Level 2.4 Dodging
 - Level 2.0 Shields
 * Level 17.7 Unarmed Combat
 + Level 3.7 Invocations


You had 9 spell levels left.
You didn't know any spells.
Your spell library was empty.

Dungeon Overview and Level Annotations

Branches:
Dungeon (1/1)

Altars:
Cheibriados
Dithmenos
Elyvilon
Fedhas
Gozag
Hepliaklqana
Kikubaaqudgha
Lugonu
Makhleb
Nemelex Xobeh
Okawaru
Qazlal
Ru
Sif Muna
Trog
Uskayaw
Vehumet
Wu Jian
Xom
Yredelemnul
Zin
The Shining One
Beogh
Jiyva


Innate Abilities, Weirdness & Mutations

You cannot wear most types of armour.
Your thick skin is tough. (AC +8)
You are too large for most types of armour.
You have claws for hands.
Your metabolism is lightning-fast.
You like to eat raw meat.
Your natural rate of healing is unusually fast.
Armour fits poorly on your pseudopods.
Your translucent skin slightly reduces your foes' accuracy. (Stealth)


Message History

You feel much better.
You block the eight-headed hydra's attack.
The eight-headed hydra bites you!
* * * LOW HITPOINT WARNING * * *
The eight-headed hydra bites you!
* * * LOW HITPOINT WARNING * * *
The eight-headed hydra closely misses you.
The eight-headed hydra bites you!
* * * LOW HITPOINT WARNING * * *
The eight-headed hydra closely misses you. x2
The eight-headed hydra bites you.
* * * LOW HITPOINT WARNING * * *
You feel much better. The eight-headed hydra bites you.
* * * LOW HITPOINT WARNING * * *
The eight-headed hydra bites you but does no damage.
The eight-headed hydra bites you!
* * * LOW HITPOINT WARNING * * *
The eight-headed hydra bites you but does no damage.
The eight-headed hydra bites you!
You die...

▓'▓.▓.▓
▓.▓.▓.▓
▓.▓.▓.▓
▓.▓.▓(▓
▓.▓.▓)▓
▓.▓.▓.▓
▓'▓.▓.▓
▓J▓.▓.▓
▓_▓.▓@▓
▓_▓.▓D▓
▓_▓.▓t▓
▓_▓.▓l▓
▓_▓.▓.▓
▓_▓.▓†▓
▓_▓.▓.▓
▓_▓.▓.▓
▓_▓.▓.▓


You could see an eight-headed hydra, a basilisk and a crocodile.

Vanquished Creatures
  A centaur warrior (D)
  A two-headed ogre (D)
  A cyclops (D)
  An ugly thing (D)
  A cane toad (D)
  A gargoyle (D)
  A troll (D)
  A komodo dragon (D)
  A hornet (D)
  2 hippogriffs (D)
  A sky beast (D)
  2 bullfrogs (D)
  A big kobold (D)
  A howler monkey (D)
  An orc wizard (D)
  An adder (D)
  A leopard gecko (D)
  An orc (D)
  A hobgoblin (D)
  A ball python zombie (D)
  3 kobolds (D)
  A leopard gecko skeleton (D)
  A quokka skeleton (D)
27 creatures vanquished.

Vanquished Creatures (others)
  A slime creature (D)
  A hungry ghost (D)
  2 jellies (D)
4 creatures vanquished.

Grand Total: 31 creatures vanquished

Notes
Turn   | Place    | Note
-------+----------+-------------------------------------------
     0 | D        | Freyura the Troll Fighter began the quest for the Orb.
     0 | D        | Reached XP level 1. HP: 22/22 MP: 0/0
     9 | D        | Reached skill level 3 in Unarmed Combat
    93 | D        | Noticed a sky beast
    93 | D        | Noticed an orc wizard
   104 | D        | Killed a sky beast
   104 | D        | Reached skill level 7 in Unarmed Combat
   104 | D        | Reached XP level 2. HP: 33/33 MP: 1/1
   104 | D        | Reached XP level 3. HP: 41/41 MP: 2/2
   104 | D        | Gained mutation: Your natural rate of healing is unusually
                  | fast. [Troll growth]
   104 | D        | Reached XP level 4. HP: 49/49 MP: 3/3
   107 | D        | Reached skill level 5 in Fighting
   116 | D        | Reached skill level 8 in Unarmed Combat
   116 | D        | Reached XP level 5. HP: 55/57 MP: 4/4
   119 | D        | Found a roughly hewn altar of Beogh.
   119 | D        | Found a snail-covered altar of Cheibriados.
   119 | D        | Found a shadowy altar of Dithmenos.
   119 | D        | Found a white marble altar of Elyvilon.
   119 | D        | Found a blossoming altar of Fedhas.
   119 | D        | Found an opulent altar of Gozag.
   120 | D        | Found a hazy altar of Hepliaklqana.
   121 | D        | Found a viscous altar of Jiyva.
   122 | D        | Found an ancient bone altar of Kikubaaqudgha.
   123 | D        | Found a corrupted altar of Lugonu.
   124 | D        | Found a burning altar of Makhleb.
   125 | D        | Found a sparkling altar of Nemelex Xobeh.
   126 | D        | Found an iron altar of Okawaru.
   127 | D        | Found a stormy altar of Qazlal.
   128 | D        | Found a sacrificial altar of Ru.
   129 | D        | Became a worshipper of Jiyva Jikigiri the Shapeless
   130 | D        | Found a shimmering blue altar of Sif Muna.
   130 | D        | Killed a slime creature
   131 | D        | Found a bloodstained altar of Trog.
   132 | D        | Found a hide-covered altar of Uskayaw.
   133 | D        | Found a radiant altar of Vehumet.
   134 | D        | Found an ornate altar of the Wu Jian Council.
   135 | D        | Found a shimmering altar of Xom.
   136 | D        | Found a basalt altar of Yredelemnul.
   137 | D        | Found a glowing silver altar of Zin.
   138 | D        | Found a glowing golden altar of the Shining One.
   165 | D        | Noticed a cyclops
   165 | D        | Noticed a gargoyle
   165 | D        | Noticed a centaur warrior
   165 | D        | Noticed a troll
   165 | D        | Noticed a white ugly thing
   169 | D        | Killed a cyclops
   169 | D        | Reached skill level 12 in Unarmed Combat
   169 | D        | Reached XP level 6. HP: 72/72 MP: 5/5
   169 | D        | Reached XP level 7. HP: 80/80 MP: 6/6
   174 | D        | Killed a gargoyle
   174 | D        | Reached skill level 13 in Unarmed Combat
   182 | D        | Killed a centaur warrior
   182 | D        | Reached ** piety under Jiyva
   182 | D        | Reached skill level 15 in Unarmed Combat
   182 | D        | Reached XP level 8. HP: 61/93 MP: 7/7
   188 | D        | Killed a troll
   188 | D        | Reached skill level 10 in Fighting
   193 | D        | Killed a white ugly thing
   193 | D        | Gained mutation: Your body sometimes deteriorates upon
                  | taking damage. [Jiyva's grace]
   193 | D        | Reached skill level 16 in Unarmed Combat
   193 | D        | Reached XP level 9. HP: 37/102 MP: 8/8
   700 | D        | Noticed a two-headed ogre
   701 | D        | Reached *** piety under Jiyva
   721 | D        | Killed a two-headed ogre
   721 | D        | Lost mutation: Your body sometimes deteriorates upon taking
                  | damage. [Jiyva's grace]
   721 | D        | Reached skill level 17 in Unarmed Combat
   726 | D        | Reached **** piety under Jiyva
   831 | D        | Got the cursed +1 quarterstaff of Youthful Indiscretion
                  | {flame, rPois rN++}
   849 | D        | Noticed a komodo dragon
   849 | D        | Noticed a cane toad
   854 | D        | Killed a komodo dragon
   854 | D        | Gained mutation: Your translucent skin slightly reduces
                  | your foes' accuracy. (Stealth) [Jiyva's grace]
   854 | D        | Reached skill level 1 in Invocations
   855 | D        | Noticed a five-headed hydra
   856 | D        | Killed a cane toad
   861 | D        | Reached ***** piety under Jiyva
   861 | D        | Gained mutation: Armour fits poorly on your pseudopods.
                  | [Jiyva's grace]
   864 | D        | Reached XP level 10. HP: 114/114 MP: 8/11
   874 | D        | HP: 4/114 [eight-headed hydra (13)]
   874 | D        | Mangled by an eight-headed hydra

Skill      XL: |  1  2  3  4  5  6  7  8  9 |
---------------+----------------------------+-----
Unarmed Combat | 7 8 12 15 16 17 | 17.7
Fighting       | 4 5 8 9 10 11 | 11.5
Invocations    | 3 |  3.7
Dodging        | |  2.4
Shields        | |  2.0

Action                   |  1- 3 |  4- 6 |  7- 9 | 10-12 || total
-------------------------+-------+-------+-------+-------++-------
Melee: Unarmed           |    20 |    11 |    47 |     4 ||    82
       Pseudopods        |       |       |     2 |     1 ||     3
  Use: Potion            |     2 |     1 |     1 |     2 ||     6
 Stab: Distracted        |       |       |     1 |       ||     1
  Eat: Chunk             |       |       |     7 |       ||     7
Armor: Skin              |     9 |     2 |    11 |     8 ||    30
Dodge: Dodged            |     4 |       |     8 |    14 ||    26
Block: Shield            |     3 |     4 |    19 |    10 ||    36
